 Dungeon Crawl Stone Soup version 0.28-a0-1435-g82390b3a13 (webtiles) character file.

Game seed: 12481776311860009598

526 croobank the Changer (level 7, -2/57 HPs)
             Began as a Red Draconian Transmuter on Jan 9, 2022.
             Slain by a hound (4 damage)
             ... on level 5 of the Dungeon.
             The game lasted 00:20:25 (3798 turns).

croobank the Changer (Red Draconian Transmuter)     Turns: 3798, Time: 00:20:26

Health: -2/57      AC:  7    Str: 14    XL:     7   Next: 2%
Magic:  12/12      EV: 12    Int: 14    God:
Gold:   129        SH:  0    Dex: 11    Spells: 8/12 levels left

rFire   + . .      SeeInvis .   a - +0 hand axe
rCold   . . .      Faith    .   s - orb {*channel}
rNeg    + . .      Spirit   .   (armour unavailable)
rPois   .          Reflect  .   (helmet restricted)
rElec   .          Harm     .   (no cloak)
rCorr   .          Rampage  .   (no gloves)
Will    .....                   g - +0 pair of boots
Stlth   +.........              (no amulet)
HPRegen 0.19/turn               e - ring of positive energy
MPRegen 0.13/turn               (no ring)

@: no status effects
A: breathe fire, AC +6, unfitting armour, fire resistance 1, cold-blooded
a: Breathe Fire


You were on level 5 of the Dungeon.
You visited 1 branch of the dungeon, and saw 5 of its levels.

You collected 129 gold pieces.

Inventory:

Hand Weapons
 a - a +0 hand axe (weapon)
 b - a +0 hunting sling
 u - a +1 whip of venom
Missiles
 f - 17 sling bullets
 i - 75 bolts
 k - 63 arrows
 o - 83 stones
 p - 4 atropa-tipped darts (quivered)
Armour
 g - a +0 pair of boots (worn)
 s - an orb of energy (worn)
Magical Staves
 t - a staff of poison
Jewellery
 e - a ring of positive energy (left hand)
 n - a ring of protection from fire
Scrolls
 l - a scroll of fear {unknown}
 v - a scroll of immolation
Potions
 d - a potion of cancellation
 h - a potion of flight {unknown}
 j - a potion of degeneration {unknown}
 m - a potion of lignification {unknown}
 q - a potion of invisibility {unknown}
 r - 2 potions of curing {unknown}


   Skills:
 + Level 3.4 Fighting
 + Level 2.6 Axes
 + Level 3.2 Dodging
 - Level 3.2 Unarmed Combat
 + Level 3.3 Spellcasting
 + Level 2.3 Translocations
 + Level 3.5 Transmutations


You had 8 spell levels left.
You knew the following spells:

 Your Spells              Type           Power      Damage    Failure   Level
a - Beastly Appendage     Tmut           24%        N/A       4%          1
b - Wereblood             Tmut           12%        N/A       8%          2
c - Apportation           Tloc           16%        N/A       8%          1

Your spell library contained the following spells:

 Spells                   Type           Power      Damage    Failure   Level
 Animate Skeleton         Necr           4%         N/A       21%         1
 Summon Small Mammal      Summ           8%         N/A       21%         1
 Gell's Gravitas          Tloc           8%         N/A       24%         3
 Teleport Other           Tloc           8%         N/A       24%         3
 Spider Form              Tmut/Pois      7%         N/A       30%         3
 Ice Form                 Ice/Tmut       7%         N/A       69%         4
 Dispersal                Tloc           4%         N/A       100%        6


Dungeon Overview and Level Annotations

Branches:
Dungeon (5/15)
 Temple: D:4-7

Altars:

Annotations:
D:3 1 runed translucent door, tabacat's ghost, weakling DrCj


Innate Abilities, Weirdness & Mutations

You can breathe blasts of fire.
Your fiery red scales are hard. (AC +6)
You cannot fit into any form of body armour.
Your flesh is heat resistant. (rF+)
You are cold-blooded and may be slowed by cold attacks.


Message History

An ice beast comes into view.
The quokka barely misses you.
You barely miss the quokka.
The quokka is moderately wounded.
The quokka closely misses you.
You hit the quokka.
You kill the quokka!
You closely miss the gnoll.
The gnoll is heavily wounded.
The gnoll hits you with a +0 flail. The gnoll hits you with a +0 flail!
You hit the gnoll.
The gnoll is heavily wounded.
You barely miss the hound.
Your tail-slap misses the hound.
You hit the gnoll. The hound closely misses you. The gnoll closely misses you.
You barely miss the gnoll.
The gnoll is severely wounded.
You hit the hound. The hound bites you. x2
* * * LOW HITPOINT WARNING * * *
The gnoll hits you with a +0 flail!
* * * LOW HITPOINT WARNING * * *
You hit the gnoll.
Your tail-slap misses the gnoll.
The gnoll is almost dead.
You hit the hound. The hound closely misses you.
The gnoll hits you with a +0 flail.
* * * LOW HITPOINT WARNING * * *
The hound barely misses you.
Okay, then.
Okay, then.
Unknown command.
You hit the gnoll.
You kill the gnoll!
You closely miss the hound. The hound bites you but does no damage.
The hound bites you.
* * * LOW HITPOINT WARNING * * *
The hound pauses to sniff the ground.
The hound bites you but does no damage.
You see here a +0 flail.
An adder comes into view.
The hound bites you.
You die...

..... ....## ....##
.....# ..S. ## #.#
##.. .# .. #..## .#
.#### #.@.# .##....
###h##.........
#.rg##.# .... .#####
###....#.....
......######..$.....
..........g..#...$..
#...................
#.......[r#####.....
#.........# .Y..


You could see a hound, a gnoll, an adder (asleep) and a rat.

Vanquished Creatures
  A necrophage (D:4)
  2 black bears
  An ogre (D:4)
  A gnoll shaman (D:4)
  An iguana (D:4)
  A gnoll (D:5)
  3 adders
  A dart slug (D:1)
  2 orcs
  8 ball pythons
  6 bats
  5 endoplasms
  3 giant cockroaches
  8 hobgoblins
  10 jackals
  8 kobolds
  3 quokkas
  7 frilled lizards
  7 goblins
  2 rats
80 creatures vanquished.

Notes
Turn   | Place    | Note
-------+----------+-------------------------------------------
     0 | D:1      | croobank the Draconian Transmuter began the quest for the
                  | Orb.
     0 | D:1      | Reached XP level 1. HP: 16/16 MP: 3/3
   307 | D:1      | Reached XP level 2. HP: 12/23 MP: 5/5
   894 | D:2      | Reached XP level 3. HP: 10/29 MP: 6/6
  1160 | D:2      | Learned a level 2 spell: Wereblood
  1298 | D:2      | Found a faded altar of an unknown god.
  1844 | D:2      | Reached skill level 1 in Axes
  2203 | D:3      | Reached XP level 4. HP: 29/36 MP: 7/7
  2276 | D:3      | Found a runed translucent door.
  2280 | D:3      | Noticed tabacat's ghost (weakling DrCj)
  2280 | D:3      | Noticed an ogre
  2720 | D:3      | Noticed a black bear
  2920 | D:3      | Killed a black bear
  2921 | D:3      | Reached skill level 1 in Translocations
  2921 | D:3      | Reached XP level 5. HP: 36/42 MP: 4/9
  3065 | D:3      | Learned a level 1 spell: Apportation
  3300 | D:4      | Noticed a black bear
  3300 | D:4      | Noticed a necrophage
  3300 | D:4      | Noticed an ogre
  3308 | D:4      | Killed a necrophage
  3309 | D:4      | Reached XP level 6. HP: 44/50 MP: 7/10
  3762 | D:4      | Your scales start taking on a fiery red colour.
  3762 | D:4      | Reached XP level 7. HP: 40/57 MP: 9/12
  3762 | D:4      | Gained mutation: Your flesh is heat resistant. (rF+) [Red
                  | Draconian growth]
  3775 | D:5      | Entered Level 5 of the Dungeon
  3796 | D:5      | HP: 1/57 [hound (4)]
  3798 | D:5      | Slain by a hound

Illustrated notes

Levels and vault maps discovered:
D:1:      nagdon_arrival_double_spiral, layout_loops_cross
D:2:      layout_basic, shapermc_ecumenical_altar_pompeii
D:3:      layout_loops_ring, ebering_ghost_inner_flame
D:4:      nicolae_BIG_FREAKIN_CUBE, layout_cave_pools
D:5:      layout_rooms, cheibrodos_sewer_entry_drain, chequers_garden,
          minmay_crossroads

Skill      XL: |  1  2  3  4  5  6 |
---------------+-------------------+-----
Dodging        | 2 3 |  3.2
Fighting       | 2 3 |  3.4
Axes           | 1 2 |  2.6
Translocations | 1 2 |  2.3
Transmutations | 3 |  3.5
Spellcasting   | 3 |  3.3
Unarmed Combat | |  3.2

Action                   |  1- 3 |  4- 6 |  7- 9 || total
-------------------------+-------+-------+-------++-------
Melee: Hand axe          |   129 |    99 |    14 ||   242
       Tailslap          |    10 |    11 |     1 ||    22
       Unarmed           |     3 |       |       ||     3
       Punch             |     2 |       |       ||     2
       Kick              |     2 |    18 |       ||    20
       Headbutt          |       |     8 |       ||     8
 Fire: Hunting sling     |    20 |    12 |       ||    32
Throw: Dart              |       |     4 |       ||     4
 Cast: Beastly Appendage |     1 |     9 |       ||    10
       Wereblood         |     1 |     6 |       ||     7
  Use: Potion            |     1 |     1 |     1 ||     3
       Scroll            |       |     2 |       ||     2
 Stab: Sleeping          |     1 |       |       ||     1
Armor: Skin              |    55 |    40 |     9 ||   104
Dodge: Dodged            |    99 |    69 |    16 ||   184

Table legend: (Time is in decaauts)
 A = Elapsed time spent in this place.
 B = Non-inter-level travel time spent in this place.
 C = Inter-level travel time spent in this place.
 D = Time resting spent in this place.
 E = Time spent auto-exploring this place.
 F = Levels seen in this place.
 G = Mean time per level.
                   A        B        C        D        E       F      G
               +--------+--------+--------+--------+--------+-----+--------+
         Total |   3853 |   3761 |     92 |    619 |   2128 |   5 |  770.6 |
       Dungeon |   3853 |   3761 |     92 |    619 |   2128 |   5 |  770.6 |
               +--------+--------+--------+--------+--------+-----+--------+

Top non-repeatable levels by time:
     D:2: 1213 daAuts
     D:3: 904 daAuts
     D:1: 898 daAuts
     D:4: 812 daAuts
     D:5: 24 daAuts
